 Dungeon Crawl Stone Soup version 0.21.1-1-g345015f (webtiles) character file.

38 Monsterracer the Scratcher (level 3, 15/15 HPs)
             Began as a Felid Transmuter on Feb 10, 2018.
             Quit the game on level 2 of the Dungeon.
             The game lasted 00:04:26 (2126 turns).

Monsterracer the Scratcher (Felid Transmuter)       Turns: 2126, Time: 00:04:27

Health: 15/15      AC:  1    Str:  6    XL:     3   Next: 25%
Magic:  7/7        EV: 18    Int: 15    God:
Gold:   87         SH:  0    Dex: 16    Spells: 0/6 levels left
                                        Lives:  0   Deaths: 1

rFire    . . .     SeeInvis +     - Unarmed
rCold    . . .     Gourm    .   (shield unavailable)
rNeg     . . .     Faith    .   (armour unavailable)
rPois    .         Spirit   .   (helmet unavailable)
rElec    .         Reflect  .   (cloak unavailable)
rCorr    .         Harm     .   (gloves unavailable)
MR       .....                  (boots unavailable)
Stlth    ++........             (no amulet)
HPRegen  0.05/turn              (no ring)
MPRegen  0.10/turn              (no ring)

@: quick
A: very small, no armour, no weapons or thrown items, stealth, claws 1, fangs 3,
see invisible, carnivore, speed 1, shaggy fur 1, slow metabolism 1, sharp paws
a: no special abilities


You were on level 2 of the Dungeon.
You were not hungry.

You visited 1 branch of the dungeon, and saw 2 of its levels.

You collected 87 gold pieces.

Inventory:

Missiles
 a - 9 arrows
Scrolls
 e - a scroll of teleportation {unknown}
 f - 2 scrolls of identify {unknown}
 h - a scroll of enchant weapon {unknown}
 j - a scroll of fog {unknown}
 l - a scroll of enchant armour {unknown}
Potions
 d - a potion of brilliance {unknown}
 g - a potion of invisibility {unknown}
 i - 2 potions of ambrosia {unknown}
 k - 2 potions of haste {unknown}
Books
 b - a book of Changes

   Spells                             Type                      Level
   a - Beastly Appendage              Transmutation                1
   b - Sticks to Snakes               Transmutation                2
   c - Spider Form                    Transmutation/Poison         3
   d - Ice Form                       Ice/Transmutation            4
   e - Blade Hands                    Transmutation                5
Comestibles
 c - 3 rations


   Skills:
 - Level 1.0 Fighting
 - Level 2.6 Dodging
 + Level 4.1 Unarmed Combat
 - Level 2.0 Spellcasting
 + Level 3.9 Transmutations


You couldn't memorise any spells.
You knew the following spells:

 Your Spells              Type           Power        Failure   Level  Hunger
a - Beastly Appendage     Tmut           ##....       4%          1    #......
b - Sticks to Snakes      Tmut           ##......     7%          2    ###....
c - Spider Form           Tmut/Pois      #.........   30%         3    ###....


Dungeon Overview and Level Annotations

Branches:
Dungeon (2/15)

Altars:


Innate Abilities, Weirdness & Mutations

You cannot wear armour.
You are incapable of wielding weapons or throwing items.
Your paws allow you to move quietly. (Stealth)
You have sharp claws.
You have razor-sharp teeth.
You have supernaturally acute eyesight. (SInv)
You are carnivorous and can eat meat at any time.
You cover ground quickly.
You are covered in fur. (AC +1)
You have a slow metabolism.
Your sharp claws are effective at attacking unaware monsters.


Message History

You now have 5/8 mp.
You swap places.
Casting: Sticks to Snakes
Confirm with . or Enter, or press ? or * to list all spells.
You grow a pair of large bovine horns.
Your ball python bites the phantom but does no damage.
The phantom misses your ball python.
Your ball python bites the phantom but does no damage.
You now have 4/8 mp.
Casting: Beastly Appendage
Confirm with . or Enter, or press ? or * to list all spells.
You extend your transformation's duration.
The phantom hits your ball python.
Your ball python dies!
You now have 3/8 mp.
Casting: Beastly Appendage
Confirm with . or Enter, or press ? or * to list all spells.
You create a snake!
You now have 10 arrows.
You now have 1/8 mp.
Your adder closely misses the phantom.
You barely miss the phantom.
The phantom is moderately damaged.
The phantom hits you.
Your adder barely misses the phantom.
You take 2 damage, and have 11/19 hp.
You scratch the phantom. Your headbutt misses the phantom.
The phantom is moderately damaged.
The phantom hits you.
* * * LOW HITPOINT WARNING * * *
Your adder bites the phantom.
You take 2 damage, and have 9/19 hp.
You completely miss the phantom. Your headbutt misses the phantom.
The phantom is heavily damaged.
Your adder barely misses the phantom.
The phantom closely misses you.
You barely miss the phantom.
The phantom is heavily damaged.
Your adder misses the phantom.
The phantom blinks!
The phantom blinks!
The phantom blinks!
Casting: Sticks to Snakes
Confirm with . or Enter, or press ? or * to list all spells.
You create a snake!
You now have 9 arrows.
The phantom blinks!
You now have 0/8 mp.
Your adder barely misses the phantom.
Your ball python completely misses the phantom.
You barely miss the phantom. Your headbutt misses the phantom.
You bite the phantom, but do no damage.
The phantom is heavily damaged.
Your adder bites the phantom but does no damage.
The phantom hits your adder!
Your adder dies!
Your ball python closely misses the phantom.
You scratch the phantom.
The phantom is heavily damaged.
Your ball python closely misses the phantom.
The phantom closely misses you.
You closely miss the phantom. Your headbutt misses the phantom.
You bite the phantom, but do no damage.
The phantom is heavily damaged.
Your ball python bites the phantom but does no damage.
The phantom closely misses you.
You scratch the phantom.
The phantom is heavily damaged.
Your ball python completely misses the phantom.
The phantom barely misses you.
You scratch the phantom but do no damage.
The phantom is heavily damaged.
Your ball python bites the phantom.
The phantom misses you.
You closely miss the phantom.
The phantom is heavily damaged.
Your ball python closely misses the phantom.
You closely miss the phantom.
The phantom is heavily damaged.
Your ball python misses the phantom.
The phantom closely misses you.
You barely miss the phantom.
The phantom is heavily damaged.
Your ball python barely misses the phantom.
The phantom barely misses you.
You scratch the phantom but do no damage.
You headbutt the phantom, but do no damage.
The phantom is heavily damaged.
Your ball python bites the phantom but does no damage.
The phantom hits you!
* * * LOW HITPOINT WARNING * * *
You take 8 damage, and have 1/19 hp.
MASSIVE DAMAGE!!
Your ball python closely misses the phantom.
The phantom hits your ball python!
Your ball python dies!
The phantom blinks!
Your transformation is almost over.
The phantom closely misses you. The phantom closely misses you.
The phantom hits you.
You die...
Your shape twists and changes as you die.
The phantom blinks!
You are now level 3!
Your horns disappear.
You rejoin the land of the living...
Health restored: 15; MP restored: 7 Are you sure you want to abandon this character and quit the game? (Confirm with "yes".)

##.##.#######.............#
##.##.# #.....<.......#
##.##)# #......#...#+##
##.##.# #......#...#
##.##.# #.......####
...##+###########..##
.#.........# #....#
.#.........# ♣....♣
.#.........# ♣@..♣♣
...........# ♣♣.♣♣
...........# .♣♣
...........# ♣ ...........#
...........# ...........#
.#.##.###### ##.##.#


There were no monsters in sight!

Vanquished Creatures
  3 adders (D:2)
  A gnoll (D:1)
  An ooze (D:2)
  2 dart slugs
  A leopard gecko (D:1)
  2 bats (D:2)
  A giant cockroach (D:1)
  8 goblins
  5 hobgoblins
  4 jackals (D:1)
  3 frilled lizards (D:1)
  4 kobolds (D:1)
  3 rats (D:1)
38 creatures vanquished.

Notes
Turn   | Place    | Note
-------+----------+-------------------------------------------
     0 | D:1      | Monsterracer the Felid Transmuter began the quest for the Orb.
     0 | D:1      | Reached XP level 1. HP: 9/9 MP: 4/4
    86 | D:1      | Reached XP level 2. HP: 8/12 MP: 3/6
   327 | D:1      | Learned a level 2 spell: Sticks to Snakes
   395 | D:1      | HP: 6/12 [kobold/dagger (2)]
   397 | D:1      | HP: 2/12 [kobold/dagger (4)]
  1161 | D:1      | Reached XP level 3. HP: 15/15 MP: 5/7
  1166 | D:1      | Learned a level 3 spell: Spider Form
  1395 | D:2      | Reached skill level 4 in Unarmed Combat
  1526 | D:2      | Reached XP level 4. HP: 15/19 MP: 4/8
  2072 | D:2      | Noticed a phantom
  2100 | D:2      | HP: 9/19 [phantom (3)]
  2117 | D:2      | HP: 1/19 [phantom (8)]
  2125 | D:2      | Slain by a phantom
  2126 | D:2      | Reached XP level 3. HP: -1/15 MP: 2/7
  2126 | D:2      | Quit the game

Skill      XL: |  1  2  3 |
---------------+----------+-----
Transmutations | 3 |  3.9
Unarmed Combat | 4 |  4.1
Fighting       | |  1.0
Dodging        | |  2.6
Spellcasting   | |  2.0

Action                   |  1- 3 |  4- 6 || total
-------------------------+-------+-------++-------
Melee: Unarmed           |   100 |    50 ||   150
       Headbutt          |     9 |     3 ||    12
       Bite              |     3 |     5 ||     8
 Cast: Beastly Appendage |    14 |     7 ||    21
       Spider Form       |     2 |     2 ||     4
       Sticks to Snakes  |       |     3 ||     3
 Stab: Sleeping          |     1 |     1 ||     2
  Eat: Chunk             |     8 |     2 ||    10
Armor: Skin              |     4 |     2 ||     6
Dodge: Dodged            |    85 |    32 ||   117

Vault maps used:
D:1:      co_arrival_random_square_maze
D:2:      lemuel_coloured_pillars_altar, uniq_crazy_yiuf_cottage
